Map: King Sejong Station LE

Players

llllllllllll

  • Race: Protoss Protoss
  • League: Master

Miszu - Winner!

  • Race: Zerg Zerg
  • League: Master

VOD

Have the link to the VOD?

Description

Time

  • Played on: June 27, 2016, 11:15 a.m.
  • Length: 8:24
Show
View Real Time Build Order
Export as new Build Order

llllllllllll Protoss 

Build Orders: 1 Gate Expand, Oracle Opening 

Get SALT Encoding   

  12  0:01  Probe (Chrono Boost)  
  13  0:11  Probe (Chrono Boost)  
  14  0:17  Pylon  
  14  0:22  Probe (Chrono Boost)  
  16  0:35  Probe (Chrono Boost)  
  16  0:38  Gateway  
  16  0:46  Probe (Chrono Boost)  
  16  0:48  Assimilator  
  17  0:57  Probe (Chrono Boost)  
  18  1:01  Assimilator  
  18  1:07  Probe (Chrono Boost)  
  19  1:18  Probe (Chrono Boost)  
  20  1:29  Nexus  
  20  1:36  Nexus  
  21  1:40  Probe (Chrono Boost)  
  21  1:50  Probe (Chrono Boost)  
  21  1:54  Cybernetics Core  
  23  2:03  Pylon  
  23  2:07  Probe (Chrono Boost)  
  23  2:09  Assimilator  
  23  2:21  Probe (Chrono Boost)  
  24  2:33  Stalker (Chrono Boost)  
  24  2:35  Mothership Core  
  28  2:48  Pylon, Probe  
  29  2:54  Gateway  
  29  2:59  Gateway  
  29  3:02  Probe  
  31  3:08  Stargate, Warp Gate (Chrono Boost)  
  31  3:09  Probe  
  31  3:14  Probe  
  32  3:20  Probe  
  33  3:31  Gateway  
  33  3:33  Probe x2  
  34  3:40  Pylon  
  35  3:45  Probe  
  36  3:48  Stalker  
  36  3:55  Oracle (Chrono Boost)  
  37  3:57  Probe  
  37  4:00  Probe  
  42  4:07  Sentry  
  45  4:10  Probe  
  45  4:12  Probe  
  45  4:15  Assimilator  
  45  4:16  Assimilator  
  46  4:22  Probe  
  47  4:24  Probe  
  47  4:27  Oracle (Chrono Boost)  
  51  4:34  Probe  
  52  4:39  Probe  
  52  4:44  Twilight Council  
  53  4:46  Probe  
  53  4:51  Probe  
  55  4:55  Oracle (Chrono Boost)  
  55  4:58  Pylon, Probe (Chrono Boost)  
  59  5:03  Probe (Chrono Boost)  
  60  5:12  Probe (Chrono Boost)  
  61  5:14  Probe (Chrono Boost)  
  62  5:21  Dark Shrine  
  62  5:24  Oracle  
  62  5:25  Probe x2 (Chrono Boost)  
  62  5:28  Gateway  
  64  5:29  Gateway  
  67  5:43  Zealot  
  67  5:47  Pylon  
  67  5:48  Pylon  
  69  6:00  Oracle  
  69  6:03  Charge (Chrono Boost)  
  72  6:14  Probe x2  
  72  6:16  Zealot  
  72  6:17  Zealot x3  
  82  6:21  Pylon  
  82  6:23  Pylon x2  
  82  6:41  Zealot x5  
  82  6:42  Zealot  
  82  6:46  Oracle  
  82  7:06  Stalker  
  82  7:07  Dark Templar x3  
  84  7:08  Zealot  
  83  7:17  Oracle  
  77  7:23  Pylon  
  77  7:29  Zealot x3  
  52  7:44  Zealot  
  54  7:55  Zealot x2  
  58  8:00  Probe  
  58  8:01  Probe  
Show
View Real Time Build Order
Export as new Build Order

Miszu Zerg - Winner!

Build Orders: Hatch First 

Get SALT Encoding   

  12  0:00  Drone  
  13  0:12  Overlord  
  13  0:17  Drone  
  14  0:30  Drone  
  14  0:31  Drone  
  14  0:35  Drone  
  17  0:55  Hatchery  
  16  0:57  Drone  
  16  1:01  Drone  
  18  1:09  Extractor  
  17  1:15  Spawning Pool  
  16  1:18  Drone  
  16  1:21  Drone  
  18  1:28  Drone  
  19  1:40  Drone  
  20  1:49  Overlord  
  20  2:00  Drone  
  21  2:06  Queen x2  
  25  2:09  Zergling x2  
  25  2:11  Zergling x2  
  25  2:12  Metabolic Boost  
  27  2:17  Zergling x2  
  28  2:28  Drone  
  30  2:30  Drone  
  30  2:34  Drone  
  31  2:39  Drone  
  31  2:44  Queen  
  32  2:47  Pneumatized Carapace  
  32  2:49  Drone  
  32  2:51  Drone  
  36  3:06  Overlord  
  36  3:09  Hatchery  
  36  3:12  Drone  
  36  3:25  Drone x6  
  42  3:29  Drone x2  
  44  3:37  Overlord  
  44  3:39  Overlord  
  44  3:53  Lair  
  44  3:56  Extractor x2, Drone x5  
  47  4:03  Overlord  
  47  4:04  Baneling Nest  
  47  4:05  Zergling x2  
  47  4:12  Roach Warren  
  47  4:19  Overlord  
  47  4:23  Drone x2  
  47  4:24  Drone x3  
  51  4:25  Drone  
  51  4:26  Overlord  
  53  4:37  Overlord  
  53  4:38  Drone x2  
  53  4:39  Drone x2  
  57  4:52  Glial Reconstitution  
  57  4:53  Roach  
  57  4:54  Roach x4  
  57  4:57  Roach  
  69  5:03  Roach x2  
  69  5:04  Roach  
  75  5:07  Roach  
  75  5:09  Roach  
  75  5:11  Roach  
  81  5:18  Roach x3  
  81  5:20  Roach  
  89  5:25  Roach x2  
  93  5:28  Overseer  
  93  5:31  Roach  
  93  5:32  Roach  
  97  5:42  Zergling x2  
  98  5:44  Overlord x4  
  98  6:03  Drone x4  
  102  6:04  Drone  
  102  6:06  Roach x7  
  102  6:09  Ravager x2  
  102  6:11  Overlord  
  119  6:14  Overlord  
  119  6:18  Drone x3  
  122  6:19  Drone  
  122  6:25  Spore Crawler  
  121  6:26  Spore Crawler x2  
  111  6:37  Drone x6  
  112  6:42  Drone x2  
  112  6:46  Drone x2  
  110  6:52  Spore Crawler  
  104  6:56  Hydralisk Den  
  100  7:02  Queen  
  100  7:05  Spore Crawler  
  99  7:24  Drone x9  
  102  7:39  Spore Crawler  
  102  7:40  Spore Crawler  
  98  7:46  Queen  
  92  7:52  Extractor  
Tags
 
Add a new tag
Caveats
  • Supply blocks, unpowered buildings, or Contaminate may cause inaccurate times.
  • Supply counts are checked every 10 seconds.